 Dungeon Crawl Stone Soup version 0.25.1-2-g60ff931df9 (webtiles) character file.

Game seed: 12724015489969662898

4618 pokeman the Thaumaturge (level 10, -3/56 HPs)
             Began as a Deep Elf Wizard on Oct 31, 2020.
             Was a Priest of Vehumet.
             Slain by an unseen horror (7 damage)
             ... on level 7 of the Dungeon.
             The game lasted 00:22:41 (8561 turns).

pokeman the Thaumaturge (Deep Elf Wizard)           Turns: 8561, Time: 00:22:41

Health: -3/56      AC:  7    Str:  4    XL:     10   Next: 19%
Magic:  18/36      EV: 11    Int: 27    God:    Vehumet [***...]
Gold:   213        SH:  5    Dex: 13    Spells: 19/32 levels left

rFire    . . .     SeeInvis .   v - +4 quarterstaff (chaos)
rCold    + . .     Gourm    .   (shield currently unavailable)
rNeg     . . .     Faith    .   y - +0 troll leather armour
rPois    .         Spirit   .   j - +0 helmet
rElec    .         Reflect  +   u - +0 cloak
rCorr    .         Harm     .   f - +0 pair of gloves
MR       +....                  (no boots)
Stlth    ++........             e - amulet of reflection
HPRegen  0.58/turn              n - ring of protection from cold
MPRegen  0.25/turn              b - ring of magical power

@: no status effects
A: no striking features
a: Renounce Religion


You were on level 7 of the Dungeon.
You worshipped Vehumet.
Vehumet was most pleased with you.
You were not hungry.

You visited 1 branch of the dungeon, and saw 7 of its levels.

You collected 309 gold pieces.
You spent 96 gold pieces at shops.

Inventory:

Hand Weapons
 k - a +2 falchion of freezing
 v - a +4 quarterstaff of chaos (weapon)
Missiles
 t - 21 bolts
Armour
 a - +0 ice dragon scales
 f - a +0 pair of gloves (worn)
 j - a +0 helmet (worn)
 u - a +0 cloak (worn)
 y - a +0 troll leather armour (worn)
Jewellery
 b - a ring of magical power (right hand)
 e - an amulet of reflection (around neck)
 n - a ring of protection from cold (left hand)
Wands
 x - a wand of flame (13)
Scrolls
 c - 2 scrolls of amnesia {unknown}
 g - 2 scrolls of blinking {unknown}
 h - 3 scrolls of teleportation {unknown}
 m - 5 scrolls of identify {unknown}
 q - a scroll of noise {unknown}
 r - a scroll of enchant armour {unknown}
 s - 2 scrolls of magic mapping {unknown}
Potions
 i - 2 potions of magic {unknown}
 l - 3 potions of heal wounds
 o - a potion of lignification {unknown}
 p - 4 potions of curing
 w - a potion of haste {unknown}
 z - 2 potions of might {unknown}
 A - 4 potions of ambrosia {unknown}
 C - a potion of stabbing {unknown}
Comestibles
 d - 14 rations
 B - 8 chunks of flesh


   Skills:
 + Level 3.3 Fighting
 - Level 3.0 Armour
 - Level 2.4 Dodging
 - Level 2.4 Stealth
 * Level 11.8 Spellcasting
 * Level 9.3 Conjurations
 - Level 1.1 Summonings
 - Level 1.1 Translocations
 + Level 6.1 Fire Magic
 - Level 1.3 Air Magic
 - Level 1.2 Poison Magic
 - Level 2.0 Evocations


You had 19 spell levels left.
You knew the following spells:

 Your Spells              Type           Power        Failure   Level  Hunger
a - Magic Dart            Conj           ####         1%          1    None
b - Mephitic Cloud        Conj/Pois/Air  #####...     1%          3    None
c - Call Imp              Summ           ###.....     6%          2    None
d - Blink                 Tloc           N/A          6%          2    None
e - Conjure Flame         Conj/Fire      ######..     1%          3    None
f - Shock                 Conj/Air       ####         1%          1    None
g - Apportation           Tloc           ###...       4%          1    None

Your spell library contained the following spells:

 Spells                   Type           Power        Failure   Level  Hunger
 Iskenderun's Mystic Bla  Conj/Tloc      #####...     1%          4    None
 Ignite Poison            Fire/Tmut/Pois ####....     1%          3    None
 Sting                    Tmut/Pois      ###.         4%          1    None
 Summon Small Mammal      Summ           ###.         4%          1    None
 Poisonous Vapours        Pois/Air       ###...       5%          2    None
 Animate Skeleton         Necr           N/A          6%          1    None
 Corona                   Hex            ###....      6%          1    None
 Slow                     Hex            ###.....     10%         2    None
 Olgreb's Toxic Radiance  Pois           ###.....     11%         4    None


Dungeon Overview and Level Annotations

Branches:
Dungeon (7/15)             Temple (0/1) D:4

Altars:
Dithmenos
Elyvilon
Fedhas
Makhleb
Nemelex Xobeh
Ru
Vehumet
Wu Jian

Shops:
D:4 !


Message History

Unknown command.
You feel less confused. You block something's attack.
Casting: Mephitic Cloud (safe; 1% risk of failure)
Confirm with . or Enter, or press ? or * to list all spells.
Aiming: Shock (safe; 1% risk of failure)
Press: ? - help, Shift-Dir - straight line
Casting: Shock (safe; 1% risk of failure)
Confirm with . or Enter, or press ? or * to list all spells.
Aiming: Shock (safe; 1% risk of failure)
Press: ? - help, Shift-Dir - straight line, f - crimson imp
Aim: a crimson imp The zap misses the crimson imp.
You barely miss something. Something hits you!
* * * LOW HITPOINT WARNING * * *
The crimson imp closely misses you.
You hit something. The crimson imp hits you.
* * * LOW HITPOINT WARNING * * *
Something hits you!
You die...

#.# .# #.# .# #.# .. !
#.###o#r..# .. #.).aKW#
. ..# #.##.Y..# .## #.#
#.# #...... ..# #.#
###.# .#...# #.# #.#
#.)@# . %#. #.#
#.####.#5# .. .. #.#
#.##.....## .. . #<#
#.##......#. .##
####.####รท............
.....([))).#.....#....
####.#####.#.....#.##.
#.# #.#######.. #.# #.#
#


You could see a crimson imp.

Vanquished Creatures
  A two-headed ogre (D:7)
  Pikel (D:5)
  A troll (D:6)
  Prince Ribbit (D:6)
  Grinder (D:6)
  Sigmund (D:2)
  A spriggan (D:7)
  A steam dragon (D:6)
  Menkaure (D:5)
  Edmund (D:6)
  An orc warrior (D:6)
  A sky beast (D:6)
  An ice beast (D:7)
  A slave (D:5)
  A phantom (D:3)
  3 ogres
  4 centaurs
  Blork the orc (D:6)
  2 bullfrogs
  2 scorpions
  4 wights (D:6)
  3 crimson imps
  A howler monkey (D:4)
  A bullfrog zombie (D:5)
  Crazy Yiuf (D:3)
  A bullfrog skeleton (D:6)
  2 hounds
  3 orc priests
  8 orc wizards
  Jessica (D:3)
  Ijyb (D:5)
  Terence (D:2)
  5 worker ants
  A hound zombie (D:5)
  8 gnolls
  11 adders
  A howler monkey skeleton (D:4)
  2 shadow imps (D:5)
  3 oozes
  3 worms
  2 dart slugs
  6 leopard geckos
  20 orcs
  6 bats
  4 giant cockroaches
  9 hobgoblins
  2 jackals (D:5)
  8 kobolds
  5 quokkas
  2 frilled lizards
  9 goblins
  A jackal skeleton (D:5)
  A leopard gecko skeleton (D:5)
  A quokka skeleton (D:4)
  6 rats
  A fungus (D:3)
171 creatures vanquished.

Vanquished Creatures (others)
  A bat (D:2)
1 creature vanquished.

Grand Total: 172 creatures vanquished

Notes
Turn   | Place    | Note
-------+----------+-------------------------------------------
     0 | D:1      | pokeman the Deep Elf Wizard began the quest for the Orb.
     0 | D:1      | Reached XP level 1. HP: 10/10 MP: 7/7
   227 | D:1      | Reached XP level 2. HP: 15/15 MP: 4/9
  1074 | D:2      | Reached skill level 5 in Spellcasting
  1165 | D:2      | Found a shadowy altar of Dithmenos.
  1249 | D:2      | Reached XP level 3. HP: 20/20 MP: 6/11
  1257 | D:2      | Learned a level 3 spell: Mephitic Cloud
  1260 | D:2      | Learned a level 2 spell: Call Imp
  1263 | D:2      | Learned a level 2 spell: Blink
  1267 | D:2      | Learned a level 3 spell: Conjure Flame
  1301 | D:2      | Noticed Terence
  1311 | D:2      | Killed Terence
  1311 | D:2      | Reached skill level 1 in Fighting
  1311 | D:2      | Reached skill level 1 in Armour
  1410 | D:2      | Reached XP level 4. HP: 25/25 MP: 5/13
  1611 | D:2      | Noticed Sigmund
  1623 | D:2      | Killed Sigmund
  1623 | D:2      | Reached skill level 6 in Spellcasting
  1623 | D:2      | Reached skill level 1 in Fire Magic
  1623 | D:2      | Reached skill level 1 in Air Magic
  1623 | D:2      | Reached XP level 5. HP: 14/29 MP: 8/15
  1833 | D:2      | Found a radiant altar of Vehumet.
  1850 | D:2      | Became a worshipper of Vehumet
  2680 | D:3      | Reached XP level 6. HP: 28/34 MP: 8/17
  3200 | D:3      | Found a sparkling altar of Nemelex Xobeh.
  3234 | D:3      | Reached * piety under Vehumet
  3234 | D:3      | Offered knowledge of Shock by Vehumet.
  3237 | D:3      | Learned a level 1 spell: Shock
  3325 | D:3      | Noticed Jessica
  3327 | D:3      | Killed Jessica
  3487 | D:3      | Reached skill level 7 in Spellcasting
  3487 | D:3      | Reached skill level 1 in Poison Magic
  3773 | D:3      | Found a burning altar of Makhleb.
  4099 | D:3      | Found a runed translucent door.
  4100 | D:3      | Noticed Crazy Yiuf
  4107 | D:3      | Killed Crazy Yiuf
  4163 | D:4      | Found a staircase to the Ecumenical Temple.
  4183 | D:3      | Reached XP level 7. HP: 29/38 MP: 15/19
  4626 | D:4      | Found a sacrificial altar of Ru.
  4769 | D:4      | Reached skill level 5 in Conjurations
  5063 | D:4      | Found Seotorub's Distillery.
  5067 | D:4      | Bought a potion of curing for 36 gold pieces
  5067 | D:4      | Bought a potion of heal wounds for 60 gold pieces
  5313 | D:5      | Entered Level 5 of the Dungeon
  5323 | D:5      | Reached skill level 8 in Spellcasting
  5327 | D:5      | Reached ** piety under Vehumet
  5338 | D:5      | Offered knowledge of Sandblast by Vehumet.
  5532 | D:5      | Found a blossoming altar of Fedhas.
  5621 | D:5      | Found a white marble altar of Elyvilon.
  5625 | D:5      | Noticed Ijyb
  5647 | D:5      | Killed Ijyb
  5655 | D:5      | Reached XP level 8. HP: 29/44 MP: 18/22
  6022 | D:5      | Offered knowledge of Dazzling Flash by Vehumet.
  6268 | D:5      | Reached skill level 9 in Spellcasting
  6537 | D:5      | Noticed Pikel
  6551 | D:5      | Killed Pikel
  6551 | D:5      | Reached skill level 1 in Evocations
  6933 | D:5      | Noticed Menkaure
  6953 | D:5      | Killed Menkaure
  6953 | D:5      | Reached XP level 9. HP: 16/48 MP: 20/24
  7302 | D:6      | Reached skill level 10 in Spellcasting
  7309 | D:6      | Reached *** piety under Vehumet
  7334 | D:6      | Noticed Edmund
  7380 | D:6      | Killed Edmund
  7709 | D:6      | Reached skill level 5 in Fire Magic
  7717 | D:6      | Offered knowledge of Iskenderun's Mystic Blast by Vehumet.
  7856 | D:6      | Noticed a troll
  7866 | D:6      | Killed a troll
  7901 | D:6      | Noticed Blork the orc
  7902 | D:6      | Found an ornate altar of the Wu Jian Council.
  7910 | D:6      | Killed Blork the orc
  7910 | D:6      | Reached skill level 11 in Spellcasting
  7937 | D:6      | Noticed Grinder
  7951 | D:6      | Paralysed by Grinder for 7 turns
  7958 | D:6      | Killed Grinder
  7989 | D:6      | Noticed Prince Ribbit
  8006 | D:6      | Killed Prince Ribbit
  8161 | D:6      | Learned a level 1 spell: Apportation
  8448 | D:7      | Reached XP level 10. HP: 56/56 MP: 25/27
  8535 | D:7      | Noticed a two-headed ogre
  8545 | D:7      | Killed a two-headed ogre
  8561 | D:7      | Slain by an unseen horror

Illustrated notes

Levels and vault maps discovered:
D:1:      dpeg_arrival_orchard, layout_loops_ring, chequers_arboretum
D:2:      layout_loops_corners, nicolae_dithmenos_shadow_blocks,
          fiery_altar_vehumet, uniq_terence, uniq_sigmund
D:3:      layout_loops_ring, nemelex_xobeh_ov_fountains_minmay,
          makhleb_blood_cavern_becter, first_ration, uniq_jessica,
          uniq_crazy_yiuf_cottage
D:4:      layout_loops_cross, lemuel_doored_altar,
          minmay_temple_entry_drinking_statues, serial_shops, shop
D:5:      layout_gridville, basic_altar, elyvilon_altar_5, uniq_pikel,
          uniq_menkaure, uniq_ijyb
D:6:      layout_loops_ring, kennysheep_little_box, uniq_edmund, uniq_grinder,
          uniq_prince_ribbit1, uniq_blork_the_orc
D:7:      cheibrodos_fzero, layout_loops_ring, the_bakery

Skill      XL: |  1  2  3  4  5  6  7  8  9 10 |
---------------+-------------------------------+-----
Spellcasting   | 5 6 7 8 9 11 | 11.8
Fighting       | 1 2 3 |  3.3
Armour         | 1 2 3 |  3.0
Conjurations   | 2 3 4 5 7 9 |  9.3
Fire Magic     | 1 2 3 4 5 6 |  6.1
Air Magic      | 1 |  1.3
Poison Magic   | 1 |  1.2
Evocations     | 1 2 |  2.0
Dodging        | |  2.4
Stealth        | |  2.4
Summonings     | |  1.1
Translocations | |  1.1

Action                   |  1- 3 |  4- 6 |  7- 9 | 10-12 || total
-------------------------+-------+-------+-------+-------++-------
Melee: Unarmed           |     2 |       |       |       ||     2
       Falchion          |     3 |    41 |       |       ||    44
       Quarterstaff      |       |       |    33 |     6 ||    39
 Cast: Magic Dart        |    71 |    92 |    10 |       ||   173
       Mephitic Cloud    |     1 |     4 |    18 |     4 ||    27
       Conjure Flame     |     1 |     1 |    13 |     2 ||    17
       Blink             |       |     1 |     1 |     1 ||     3
       Shock             |       |     7 |   254 |    14 ||   275
 Stab: Confused          |     1 |       |     2 |     1 ||     4
       Sleeping          |       |     1 |     1 |       ||     2
  Eat: Chunk             |     1 |     9 |     8 |     2 ||    20
       Ration            |       |       |     1 |       ||     1
Armor: Robe              |     2 |       |       |       ||     2
       Leather armour    |       |     6 |    19 |       ||    25
       Troll leather arm |       |       |       |     9 ||     9
Dodge: Dodged            |    11 |    20 |    28 |     4 ||    63
Block: Other             |     3 |     9 |     7 |     2 ||    21
       Rpst.: Falchion   |     1 |     4 |       |       ||     5
